 Dungeon Crawl Stone Soup version 0.29.1-13-g9f3cf754e1 (webtiles) character file.

Game seed: 15672901690051345759

39 DantalionR the Chiller (level 3, -1/20 (21) HPs)
             Began as a Human Ice Elementalist on Jan 25, 2023.
             Was a Follower of Hepliaklqana.
             Succumbed to Crazy Yiuf's poison
             ... on level 2 of the Dungeon.
             The game lasted 00:13:11 (1583 turns).

DantalionR the Chiller (Human Ice Elementalist)     Turns: 1583, Time: 00:13:12

HP:   -1/20 (21)    AC:  2    Str:  8    XL:     3   Next: 67%
MP:   1/7           EV: 12    Int: 17    God:    Hepliaklqana [*.....]
Gold: 81            SH:  0    Dex: 13    Spells: 2/7 levels left

rFire   . . .      SeeInvis .   e - +0 whip
rCold   . . .      Faith    .   (no shield)
rNeg    . . .      Spirit   .   a - +0 robe
rPois   .          Reflect  .   (no helmet)
rElec   .          Harm     .   (no cloak)
rCorr   .          Rampage  .   (no gloves)
Will    .....                   (no boots)
Stlth   ++........              (no amulet)
HPRegen 0.06/turn               (no ring)
MPRegen 0.10/turn               (no ring)

@: lethally poisoned (-1 -> -10), lightly drained
A: reduced essence
a: Renounce Religion, Recall Ancestor, Ancestor Identity


You were on level 2 of the Dungeon.
You worshipped Hepliaklqana.
Hepliaklqana was aware of your devotion.
You visited 1 branch of the dungeon, and saw 2 of its levels.

You collected 81 gold pieces.

Inventory:

Hand Weapons
 c - a +0 club
 e - a +0 whip (weapon)
Missiles
 h - 4 javelins
 k - 4 boomerangs
Armour
 a - a +0 robe (worn)
Scrolls
 f - a scroll of teleportation {unknown}
 g - 2 scrolls of identify {unknown}
 i - a scroll of vulnerability {unknown}
Potions
 b - a potion of magic
 d - a potion of degeneration {unknown}
 j - a potion of mutation {unknown}
 l - a potion of attraction {unknown}


   Skills:
 + Level 2.2 Dodging
 - Level 2.0 Stealth
 + Level 2.7 Spellcasting
 + Level 4.5 Ice Magic


You had 2 spell levels left.
You knew the following spells:

 Your Spells              Type           Power      Damage    Failure   Level
a - Freeze                Ice            68%        1d8       2%          1
b - Ozocubu's Armour      Ice            17%        N/A       9%          3
c - Sandblast             Erth           4%         2d4       19%         1

Your spell library contained the following spells:

 Spells                   Type           Power      Damage    Failure   Level
 Passwall                 Tmut/Erth      1%         N/A       26%         2
 Frozen Ramparts          Ice            34%        1d6       9%          3
 Stone Arrow              Conj/Erth      4%         3d7       47%         3
 Hailstorm                Conj/Ice       10%        3d5       56%         4


Dungeon Overview and Level Annotations

Branches:
Dungeon (2/15)

Altars:
Hepliaklqana

Annotations:
D:2 Crazy Yiuf


Message History

Crazy Yiuf grits, "Proton ragdoll wrapper!"
Crazy Yiuf barely misses you.
Casting: Ozocubu's Armour (quite dangerous; 9% risk of failure)
Confirm with . or Enter, or press ? or * to list all spells.
Aiming: Freeze (safe; 2% risk of failure)
Press: ? - help, Shift-Dir - straight line, f - Crazy Yiuf
Aim: Crazy Yiuf, wielding a +2 quarterstaff of chaos, wearing a +0 cloak of poison resistance and carrying a wand of polymorph (7)
You freeze Crazy Yiuf.
Crazy Yiuf is moderately wounded.
Crazy Yiuf hits you but does no damage.
Casting: Freeze (safe; 2% risk of failure)
Confirm with . or Enter, or press ? or * to list all spells.
Aiming: Freeze (safe; 2% risk of failure)
Press: ? - help, Shift-Dir - straight line, f/p - Crazy Yiuf
Aim: Crazy Yiuf, wielding a +2 quarterstaff of chaos, wearing a +0 cloak of poison resistance and carrying a wand of polymorph (7) (moderately wounded)
You freeze Crazy Yiuf.
Crazy Yiuf is heavily wounded.
Crazy Yiuf grits, "Fire agre childish!"
Crazy Yiuf hits you with a +2 quarterstaff of chaos.
Casting: Freeze (safe; 2% risk of failure)
Confirm with . or Enter, or press ? or * to list all spells.
Aiming: Freeze (safe; 2% risk of failure)
Press: ? - help, Shift-Dir - straight line, f/p - Crazy Yiuf
Aim: Crazy Yiuf, wielding a +2 quarterstaff of chaos, wearing a +0 cloak of poison resistance and carrying a wand of polymorph (7) (heavily wounded)
You freeze Crazy Yiuf.
Crazy Yiuf is heavily wounded.
Crazy Yiuf yells, "Ten chair tea!"
Crazy Yiuf hits you with a +2 quarterstaff of chaos!
* * * LOW HITPOINT WARNING * * *
You feel drained.
* * * LOW HITPOINT WARNING * * *
Your icy armour will break if you move.
Continue?
Uppercase [Y]es or [N]o only, please.
Your icy armour will break if you move.
Continue?
Crazy Yiuf attacks as you move away!
Crazy Yiuf hits you with a +2 quarterstaff of chaos.
* * * LOW HITPOINT WARNING * * *
You are lethally poisoned!
Your icy armour cracks and falls away as you move.
You die...

#......#...#
####.......####
#...........#
#........##.#
#........##.#
#......>.##.#
#.###.#####.# #.#
#.#####.#######.#
#.#
#...).@.g.......#
#.#
#######...#.#####
## #####.# #.#
#######.## ###
###.#......#
#...##..#.......#
#...g.####......#
#)..### ##....##


You could see Crazy Yiuf.

Vanquished Creatures
  An adder (D:2)
  A dart slug (D:1)
  2 bats (D:1)
  3 endoplasms (D:1)
  A giant cockroach (D:1)
  3 goblins (D:1)
  2 hobgoblins (D:1)
  A quokka (D:1)
  4 ball pythons (D:1)
  A frilled lizard (D:1)
  3 kobolds
  2 rats (D:1)
24 creatures vanquished.

Vanquished Creatures (collateral kills)
  A dart slug (D:1)
  2 rats
3 creatures vanquished.

Vanquished Creatures (others)
  An ancestor (D:2)
1 creature vanquished.

Grand Total: 28 creatures vanquished

Notes
Turn   | Place    | Note
-------+----------+-------------------------------------------
     0 | D:1      | DantalionR the Human Ice Elementalist began the quest for
                  | the Orb.
     0 | D:1      | Reached XP level 1. HP: 13/13 MP: 3/3
    99 | D:1      | Reached XP level 2. HP: 11/19 MP: 0/5
   822 | D:1      | Reached XP level 3. HP: 24/24 MP: 3/6
   826 | D:1      | Learned a level 3 spell: Ozocubu's Armour
  1133 | D:1      | Found a faded altar of an unknown god.
  1138 | D:1      | Prayed at the altar of an unknown god.
  1138 | D:1      | Became a worshipper of Hepliaklqana the Forgotten
  1138 | D:1      | Reached * piety under Hepliaklqana
  1326 | D:2      | Learned a level 1 spell: Sandblast
  1549 | D:2      | Found a runed translucent door.
  1550 | D:2      | Noticed Crazy Yiuf
  1583 | D:2      | HP: 1/20 [Crazy Yiuf/+2 quarterstaff of chaos (3)]
  1583 | D:2      | Succumbed to Crazy Yiuf's poison

Illustrated notes

Levels and vault maps discovered:
D:1:      lemuel_arrival_cross, layout_loops_ring,
          shapermc_ecumenical_altar_mp_vishouse
D:2:      layout_loops_ring, kennysheep_generic_room_7, uniq_crazy_yiuf_cottage

Action                   || total
-------------------------++-------
Melee: Club              ||     2
       Whip              ||    16
 Cast: Freeze            ||    41
       Ozocubu's Armour  ||     2
       Sandblast         ||     1
Invok: Ancestor Identity ||     1
 Stab: Sleeping          ||     1
Armor: Robe              ||     9
Dodge: Dodged            ||    39
